[Event "SVK ECo-C Extraliga 2021-22"]
[Site "Slovakia"]
[Date "2022.06.10"]
[Round "9.16"]
[White "Gajdosik, Andrej"]
[Black "Kovacik Emil"]
[Result "1/2-1/2"]
[ECO "E05"]
[WhiteElo "2023"]
[BlackElo "2041"]
[Annotator "TA"]
[PlyCount "109"]
[EventDate "2021.10.21"]
[EventType "team-tourn"]
[EventCountry "SVK"]
[SourceTitle "playchess.com"]
[Source "ChessBase"]
[SourceQuality "1"]
[TimeControl "40/5400+30:1800+30"]

1. d4 d5 2. Nf3 Nf6 3. c4 e6 4. Nc3 Be7 5. g3 O-O 6. Bg2 dxc4 7. O-O Nc6 8. e4 Rb8 $1 {[%emt 0:07:14] The main line 8...Rb8 scores better than 8...a6.} 9. Qa4 {[%emt 0:29:12] E05: Open Catalan: 5 Nf3 Be7.} (9. Qe2 $11) 9... Nb4 {[%emt 0:20:56] [#]} (9... Nxd4 $17 10. Nxd4 Qxd4) 10. Qxa7 $146 {[%emt 0:22:57] [#]} (10. a3 $1 $11 Bd7 11. Qd1) ({Predecessor:} 10. Be3 b5 11. Qd1 Nd3 12. Ne1 b4 13. Na4 Bd7 14. Nxd3 cxd3 15. Re1 Bb5 16. Nc5 Bxc5 17. dxc5 {1-0 (43) Santl,A (2206)-Rolle,E (2113) Bad Woerishofen 2001}) 10... Bd7 $1 $17 (10... Nc6 11. Qa4 $11) 11. Ne5 {[%emt 0:03:14] Black is better.} Nc6 (11... Qc8 $17 {White must now prevent ...Ra8.} 12. Nxd7 (12. Nxc4 $2 Ra8 $19) 12... Qxd7) 12. Nxc6 $15 Bxc6 13. d5 exd5 14. exd5 Nxd5 15. Nxd5 Bxd5 16. Rd1 Ra8 17. Qd4 ({Better is} 17. Qe3 $15 c6 18. Bxd5 cxd5 19. Qe5) 17... Bxg2 $17 18. Kxg2 Qxd4 19. Rxd4 b5 20. Rd7 Bd6 21. Bf4 Bxf4 22. gxf4 {[%emt 0:00:04][%mdl 4096] Endgame KRR-KRR} c5 23. Rd5 Rfc8 24. Re1 (24. a3 $17) 24... Kf8 $19 (24... Rxa2 25. Rxc5 Raa8 26. Rxb5 $11) 25. Rd7 Re8 {[%emt 0:01:14] Against Ree7} ({Inferior is} 25... Rxa2 26. Ree7 Kg8 27. Rxf7 $11) 26. Red1 Re4 (26... b4 $142 27. a4 bxa3 28. bxa3 Re4) 27. Rc7 $17 Rxf4 {[%emt 0:01:03] aiming for ...Rg4+.} ({Don't do} 27... Rxa2 28. Rdd7 $16) 28. Rxc5 Rb8 (28... Rxa2 $17 29. Rxb5 g6) 29. Kg3 Rf6 30. Rd7 (30. Rdd5 $15) 30... g6 31. Rcc7 ({White should try} 31. h4) 31... h5 (31... Re8 $142 {And now ...Re2 would win.} 32. Rd2 Re5) 32. Rc5 Kg7 33. Rdd5 Rfb6 (33... Re8 $17 {...Re2 is the strong threat.} 34. Re5 (34. Rxb5 $2 Re4 $19) 34... Rxe5 35. Rxe5 Ra6 36. Rxb5 Rxa2) 34. h4 (34. b3 $15) 34... Kf6 (34... Ra8 $17 35. Rxb5 Rc6) 35. Kf4 (35. b3 $15 {is more appropriate.}) 35... R8b7 36. f3 Ke6 (36... Ra6 $17 37. Rxb5 Rc7) 37. Re5+ Kf6 (37... Kd7 $11) 38. Red5 Kg7 39. Kg3 f6 (39... Ra6 $17 40. Rxb5 Rc7) 40. Kf4 Kf7 41. Ke4 Ke6 42. f4 {[%emt 0:00:00] The position is equal.} Rd7 43. f5+ gxf5+ 44. Rxf5 Rd2 45. Rxb5 Rxb2 46. Rxb6+ Rxb6 47. Rxh5 $11 {[%emt 0:00:00] KR-KR} Rc6 48. Rf5 c3 49. Rf1 c2 50. Rc1 Rc4+ 51. Kd3 Rxh4 52. Rxc2 f5 53. Rc6+ Kd5 54. Rc8 Rh3+ 55. Ke2 {[%emt 0:00:00] Weighted Error Value: White=0.18 (very precise) /Black=0.20 (precise)} 1/2-1/2

[Event "SVK ECo-C Extraliga 2021-22"]
[Site "Slovakia"]
[Date "2022.06.10"]
[Round "9.17"]
[White "Mihok, Oliver"]
[Black "Gazik, Viktor"]
[Result "1-0"]
[ECO "B69"]
[WhiteElo "2539"]
[BlackElo "2549"]
[Annotator "TA"]
[PlyCount "85"]
[EventDate "2021.10.21"]
[EventType "team-tourn"]
[EventCountry "SVK"]
[SourceTitle "playchess.com"]
[Source "ChessBase"]
[SourceQuality "1"]
[TimeControl "40/5400+30:1800+30"]

1. e4 c5 2. Nf3 d6 3. d4 cxd4 4. Nxd4 Nf6 5. Nc3 Nc6 6. Bg5 e6 7. Qd2 a6 8. O-O-O Bd7 9. f4 Be7 10. Nf3 b5 11. Bxf6 gxf6 12. f5 h5 {[%emt 0:09:57] B69: Sicilian: Richter-Rauzer: 7...a6 8 0-0-0 Bd7 9 f4 Be7 10 Nf3 b5 11 Bxf6.} 13. g3 Rc8 14. Kb1 Qa5 {[%emt 0:08:50] The position is equal.} 15. fxe6 fxe6 16. Bh3 Ne5 17. Nxe5 fxe5 18. Rhf1 b4 19. Ne2 Qc5 20. Nc1 $40 {[%emt 0:02:07][%mdl 128] White attacks.} a5 21. Nd3 Qd4 22. Qe2 {[%emt 0:01:47] [#] Threatening Qf3.} Qc4 $146 (22... a4 $11 {keeps the balance.}) ({Predecessor:} 22... a4 23. Nf4 Qc4 24. Qxc4 Rxc4 25. Nxe6 Bxe6 26. Bxe6 Rxe4 27. Rf2 Rf8 28. Rfd2 a3 29. bxa3 bxa3 {0-1 (42) Eynullayev,A (2246)-Gabrielian,A (2465) Moscow 2020}) 23. Rf2 (23. Qf2 $6 Kd8 $11) (23. b3 $1 $16 Qb5 24. g4) 23... a4 $1 $11 24. Qf3 (24. b3 $5 Qc3 25. bxa4 $14 (25. Qf3 Kd8 $11)) 24... Rh7 (24... b3 $11 25. cxb3 axb3) 25. Bf1 $1 $16 {[%emt 0:05:14][%cal Od3e5] Hoping for Nxe5!} b3 26. cxb3 axb3 {[%emt 0:00:02] White stays focused until the end.} 27. a3 (27. Nxe5 $2 Qc2+ $3 28. Rxc2 bxc2+ 29. Kc1 Bg5+ 30. Qf4 Bxf4+ 31. gxf4 cxd1=Q+ $19) 27... Bc6 (27... Qc2+ $142 28. Rxc2 bxc2+ 29. Ka2 cxd1=N) 28. Re1 $1 ({Much less strong is} 28. Rc1 $6 Qd4 $14) 28... Qd4 {[%emt 0:00:43] [#]} 29. Nb4 $1 Bb7 30. Bb5+ Kd8 31. Rfe2 Bg5 (31... d5 {is a better defense.}) 32. Qxb3 $18 ({But not} 32. h4 Be7 33. Qxb3 Rh6 $18) 32... Bd2 $2 (32... Ke7 33. Rd1 Qc5) 33. Rd1 Bxe4+ {[%emt 0:00:02] [#]} 34. Ka2 $2 (34. Rxe4 $1 Qxe4+ 35. Bd3) 34... Qxb4 35. axb4 {[%emt 0:00:40] The board is on fire.} Ra7+ {[%emt 0:01:14] [#]} 36. Qa4 $3 Bd5+ {[%emt 0:00:22] A strong pair of Bishops.} 37. Ka3 $1 Rxa4+ 38. Bxa4 Bg5 (38... Bh6 $142 39. Rc2 Rb8) 39. Rf2 Be3 (39... Kc7 {was necessary.} 40. Rc2+ Kb7 41. Rxc8 Kxc8) 40. Rf7 Rc7 $2 (40... Rc1 41. Rxc1 Bxc1 42. Rd7+ Kc8 43. Rxd6 e4) 41. Rf8+ Ke7 42. Rdf1 Bf4 43. Re8+ {[%emt 0:00:00] Weighted Error Value: White=0.20 (precise) /Black=0.38} ({Not} 43. gxf4 Kxf8 44. fxe5+ Ke7 $14) 1-0

[Event "SVK ECo-C Extraliga 2021-22"]
[Site "Slovakia"]
[Date "2022.06.10"]
[Round "9.19"]
[White "Toth, Ervin"]
[Black "Polak, Tomas"]
[Result "1-0"]
[ECO "D36"]
[WhiteElo "2433"]
[BlackElo "2506"]
[Annotator "TA"]
[PlyCount "117"]
[EventDate "2021.10.21"]
[EventType "team-tourn"]
[EventCountry "SVK"]
[SourceTitle "playchess.com"]
[Source "ChessBase"]
[SourceQuality "1"]
[TimeControl "40/5400+30:1800+30"]

1. d4 Nf6 2. c4 e6 3. Nc3 d5 4. cxd5 exd5 5. Bg5 c6 6. Qc2 Be7 7. e3 O-O 8. Bd3 Nbd7 9. Nf3 Re8 10. O-O Nf8 11. Ne5 Ng4 12. Bxe7 Qxe7 13. Nxg4 Bxg4 14. Rae1 Rad8 15. f4 {[%emt 0:02:13] D36: Queen's Gambit Declined: Exchange Variation: Main line (5 Bg5 c6 6 Qc2).} f6 16. h3 Bh5 17. g4 {[%emt 0:15:56] The position is equal.} Bg6 18. f5 Bf7 {[%emt 0:00:07] [#]} 19. Qg2 $146 ({Predecessor:} 19. Rf3 c5 20. dxc5 Qxc5 21. Ne2 Qa5 22. Qb1 Nd7 23. Nd4 Ne5 24. Rf2 Nxd3 25. Qxd3 Qxe1+ 26. Kg2 Qxe3 27. Qxe3 Rxe3 28. Rc2 Rd3 29. Nb5 a6 {0-1 (29) Mira,H (2096)-Essing,A (2253) Playchess.com INT 2004}) 19... a6 20. Rf3 Kh8 21. Ref1 c5 22. h4 Qd6 (22... Nd7 $11) 23. Qf2 $14 Re7 24. Ne2 Rde8 {[%emt 0:02:44] White stays focused until the end.} ({Black should try} 24... h6 $14) 25. Nf4 $1 $16 cxd4 26. exd4 Qb4 27. a3 Qa5 {[%emt 0:01:02] [#]} (27... Qb6 $16 {was necessary.}) 28. g5 $1 $18 {[%emt 0:03:02] Strongly threatening h5.} Re1 29. g6 $36 {[%emt 0:01:00][%mdl 2048] Black is under strong pressure.} Rxf1+ 30. Kxf1 (30. Qxf1 $2 {is the wrong capture.} Re1 31. gxf7 Rxf1+ 32. Rxf1 Qc7 $17) 30... hxg6 (30... Bg8 {was worth a try.} 31. Kg2 h6) 31. fxg6 Be6 32. h5 {[%emt 0:05:33][%cal Bh4h5,Bh5h6][%mdl 32] aiming for Qh4.} ({Not} 32. Re3 Qa4 $16) 32... Bg4 {[%emt 0:10:15] [#]} 33. Rg3 Qa4 34. h6 Qd7 (34... a5 $142 35. Nxd5 f5) 35. Qh2 Re4 36. Bxe4 dxe4 37. Qh4 f5 38. Nh5 Bxh5 39. Qxh5 {[%emt 0:00:07][%mdl 4096] Endgame KQR-KQN} Qb5+ 40. Kg1 {[%emt 0:01:11] Intending Rh3 and mate.} Qd5 41. Kh2 Kg8 42. h7+ Kh8 43. Qg5 {[%emt 0:00:00] White wants to mate with Qe7.} Qb5 (43... Qxd4 $142 44. Qxf5 Qd2+ 45. Kh3 Qh6+ 46. Kg4 Qxg6+ 47. Qxg6 Nxg6) 44. Rg2 {[%emt 0:00:00] Qd8 would kill now.} Qd7 {[%emt 0:09:08] Inhibits Qd8.} 45. Qf4 {[%emt 0:00:00] Threatens to win with Qb8.} Qd8 46. Kh3 Qf6 47. Qe5 Nxg6 48. Qxf6 Nf4+ 49. Kg3 {[%emt 0:01:52] Threatening mate with Qf8+.} Nh5+ 50. Kh4 Nxf6 {[%emt 0:00:06] KR-KN} 51. Kg5 Nd5 52. Kxf5 Ne3+ 53. Kxe4 {[%emt 0:00:03] White mates.} Nxg2 {[%emt 0:00:03] KN-KP} 54. d5 g5 55. d6 Nf4 56. Kf5 Nd5 57. Kxg5 Nb6 58. Kf6 Kxh7 59. Ke6 {[%emt 0:00:24] Weighted Error Value: White=0.19 (very precise) /Black=0.45} 1-0

[Event "SVK ECo-C Extraliga 2021-22"]
[Site "Slovakia"]
[Date "2022.06.10"]
[Round "9.20"]
[White "Kraus, Tomas"]
[Black "Hujbert, Florian"]
[Result "1-0"]
[ECO "B40"]
[WhiteElo "2472"]
[BlackElo "2396"]
[Annotator "TA"]
[PlyCount "75"]
[EventDate "2021.10.21"]
[EventType "team-tourn"]
[EventCountry "SVK"]
[SourceTitle "playchess.com"]
[Source "ChessBase"]
[SourceQuality "1"]
[TimeControl "40/5400+30:1800+30"]

1. e4 c5 2. Nf3 e6 3. g3 Nc6 4. Bg2 Nf6 5. Qe2 e5 6. O-O {[%emt 0:01:32] B40: Sicilian: 2...e6, Unusual lines.} Be7 7. Na3 O-O 8. c3 {[%emt 0:03:06] The position is equal.} Re8 9. Nc4 Bf8 10. d3 d6 11. Bg5 h6 12. Bxf6 Qxf6 13. Ne3 Qd8 14. Nd2 Rb8 15. a4 a6 16. f4 exf4 {[%emt 0:00:20] [#]} 17. gxf4 $146 ({Predecessor:} 17. Rxf4 Be6 18. Raf1 Qa5 19. Qd1 b5 20. axb5 axb5 21. Nd5 Ne5 22. Qc2 Qa7 23. Ne3 {0-1 (30) Gajwa,A (2281)-Shyam,N (2450) Port Blair 2017}) 17... b5 18. axb5 axb5 19. Qf3 Bb7 20. Kh1 Kh8 21. Qg3 Ne7 22. d4 cxd4 23. cxd4 Nc6 ({Black should play} 23... Ra8 $11) 24. Nb3 $14 Nb4 25. d5 $1 Qf6 {[%emt 0:00:30] Against Nd4} 26. Qe1 Na6 ({Not} 26... Nd3 27. Qd2 Nc5 28. Nxc5 dxc5 29. e5 $16) 27. Qd2 g6 (27... Kg8 $14) 28. e5 dxe5 29. Ng4 $1 $36 {[%emt 0:00:54][%csl LRe5,LRf6][%mdl 2048] White is really pushing.} Qg7 30. fxe5 {[%emt 0:03:48] Threatens to win with d6.} h5 {[%emt 0:04:16] [#] Black cannot hold the game after this.} (30... Rbd8 $16) 31. Nf6 $1 $18 Rxe5 {[%emt 0:00:19] [#]} 32. Nd7 $1 {[%emt 0:01:26][%csl LRb8,LRe5] Pair of Knights!} Bd6 33. Nxb8 Nxb8 34. Na5 (34. Ra7 $142 Re7 35. Na5) 34... Re7 (34... Bc8 35. Nc6 Re8 36. Nxb8 Bxb8) 35. Nc6 Bxc6 36. dxc6 Qe5 (36... Bc7 $142 37. Rae1 Rxe1) 37. Bd5 {[%emt 0:01:34] Threatening mate with Qh6+. Active counter play!} Bb4 38. Qh6+ {[%emt 0:00:27] Weighted Error Value: White=0.12 (very precise) /Black=0.53} 1-0

[Event "SVK ECo-C Extraliga 2021-22"]
[Site "Slovakia"]
[Date "2022.06.10"]
[Round "9.21"]
[White "Urhegyi, Marton"]
[Black "Chovan, Milan"]
[Result "0-1"]
[ECO "C78"]
[WhiteElo "2232"]
[BlackElo "2339"]
[Annotator "TA"]
[PlyCount "59"]
[EventDate "2021.10.21"]
[EventType "team-tourn"]
[EventCountry "SVK"]
[SourceTitle "playchess.com"]
[Source "ChessBase"]
[SourceQuality "1"]
[TimeControl "40/5400+30:1800+30"]

1. e4 e5 2. Nf3 Nc6 3. Bb5 a6 4. Ba4 Nf6 5. O-O b5 6. Bb3 Bb7 7. Re1 Bc5 8. c3 d6 9. d4 Bb6 10. Bg5 h6 11. Bh4 g5 12. Bg3 O-O 13. dxe5 Nxe5 {[%emt 0:01:32] C78: Ruy Lopez: Archangelsk and Möller Defences.} 14. Nxe5 dxe5 15. Nd2 Qe7 16. a4 Rad8 17. Qe2 {[%emt 0:02:38] [#]} Rd7 $146 (17... Rd6 $11) ({Predecessor:} 17... Rd6 18. axb5 axb5 19. Nf1 Bc6 20. Bc2 Rfd8 21. Rac1 h5 22. h3 h4 23. Bh2 Qe6 {0-1 (33) Garcia,G (2445)-Beliavsky,A (2605) Novi Sad 1990}) 18. axb5 $16 axb5 19. Nf3 $1 Nxe4 20. Nxe5 $2 (20. Qc2 $1 $16 c5 21. Rxe4 Bxe4 22. Qxe4) 20... Rd2 $15 21. Qh5 {[%emt 0:01:55] Threatens to win with Qg6+.} Bxf2+ (21... Nxg3 22. Qg6+ Kh8 23. Qxh6+ Kg8 24. Ng4 (24. Qg6+ Kh8 $11) 24... Bxf2+ 25. Nxf2 Ne2+ 26. Kf1 $11) 22. Bxf2 Qxe5 {[%emt 0:00:43] The board is on fire.} 23. Ra7 $2 (23. Re2 $15) 23... Bd5 (23... Rxf2 24. Qg6+ Qg7 25. Qxg7+ Kxg7 26. Rxb7 Rxb2 27. Rxe4 Rxb3 28. Rxc7 $17) ({Don't play} 23... Rxb2 24. Bd4 Qf5 25. Rxb7 (25. Qxh6 Rxg2+ 26. Kxg2 Qg4+ 27. Kf1 Nd2+ 28. Kf2 Qf3+ 29. Kg1 Qg2#) 25... Nxc3 26. Kh1 $1 $18 (26. Rxc7 $2 Ne2+ 27. Kh1 Nxd4 $19)) 24. Bxd5 Qxd5 25. Qf3 Rxf2 ({Not} 25... f5 26. Be3 Rxb2 27. Rxc7 $17) 26. Qxe4 Qxe4 27. Rxe4 Rd8 $2 28. h4 $4 {[%emt 0:02:43][%mdl 8192] [#]} (28. Kxf2 $18 {is the narrow road to win.} c5 29. Ra5) 28... Rfd2 $2 ({And not} 28... Rxb2 29. Rxc7 Rd1+ 30. Kh2 $17) (28... Rdd2 $1 $19 29. Rg4 f5) 29. Kh2 (29. hxg5 $11 {keeps the balance.} Rxb2 30. gxh6) 29... f5 (29... R8d5 $17 30. Rxc7 Rxb2) 30. Rg4 $2 {[%emt 0:01:59][%mdl 8192] Never resign too early!  Weighted Error Value: White=0.80/Black=0.62} 0-1

[Event "SVK ECo-C Extraliga 2021-22"]
[Site "Slovakia"]
[Date "2022.06.10"]
[Round "9.22"]
[White "Smolen, Jan"]
[Black "Halak, Miklos"]
[Result "1/2-1/2"]
[ECO "C47"]
[WhiteElo "2410"]
[BlackElo "2247"]
[Annotator "TA"]
[PlyCount "86"]
[EventDate "2021.10.21"]
[EventType "team-tourn"]
[EventCountry "SVK"]
[SourceTitle "playchess.com"]
[Source "ChessBase"]
[SourceQuality "1"]
[TimeControl "40/5400+30:1800+30"]

1. e4 e5 2. Nf3 Nc6 3. Nc3 Nf6 4. d4 exd4 5. Nxd4 Bb4 6. Nxc6 bxc6 7. Bd3 d5 8. exd5 cxd5 {[%emt 0:01:40] 8...0-0 is the hot move.} 9. O-O O-O 10. h3 {[%emt 0:00:30] C47: Scotch Four Knights and Four Knights with 4 g3.} h6 11. Qf3 c6 12. Bf4 {[%emt 0:00:00] The position is equal.} Bd6 13. Ne2 Bxf4 14. Nxf4 {[%emt 0:00:00] [#]} Nd7 $146 ({Predecessor:} 14... a5 15. Rfe1 a4 16. Rad1 Rb8 17. b3 axb3 18. axb3 Re8 19. Nh5 Nxh5 20. Qxh5 Rxe1+ 21. Rxe1 {½-½ (85) Goryachkina,A (2518)-Assaubayeva,B (2372) St Petersburg 2018}) 15. Rfe1 Qf6 16. b3 g5 17. Nh5 Qxf3 18. gxf3 Nc5 19. Kg2 a5 20. Re7 Be6 21. f4 Nxd3 22. cxd3 c5 (22... Kh7 $11) 23. Rc1 (23. Re1 $14 Rfc8 24. fxg5) 23... Rfc8 24. fxg5 hxg5 25. f4 (25. Re1 $11) 25... Kf8 $15 26. Rb7 Bf5 (26... c4 $1 $11 27. fxg5 cxd3) 27. fxg5 Bxd3 28. Nf6 c4 29. Kg3 cxb3 (29... Kg7 $11 {feels stronger.}) 30. Rxc8+ $1 $14 Rxc8 31. axb3 $11 {[%emt 0:00:01][%mdl 4096] Endgame KRB-KRN} d4 32. Kf4 Bc2 33. h4 Rd8 34. h5 Kg7 {[%emt 0:01:51] [#] And now ...d3 would win.} 35. Ng4 {[%emt 0:17:11] aiming for g6.} d3 $1 {[%emt 0:14:27] ...Rd4+ is the strong threat.} 36. g6 Rd4+ (36... Bxb3 $5 37. Rxb3 Rd4+ 38. Ke3 Rxg4 $11) 37. Kg5 {[%emt 0:02:45] White is slightly better.} Rxg4+ $1 38. Kxg4 $14 {[%emt 0:00:14] [#] Intending Kg5 and mate. KR-KB} d2 39. Kg5 $1 {[%emt 0:02:26] Threatening mate with h6+.} Bxg6 $1 40. Rd7 Bc2 41. Rxd2 Bxb3 42. Rd6 a4 43. Ra6 Kh7 {[%emt 0:01:24] Weighted Error Value: White=0.09 (flawless) /Black=0.11 (very precise)} 1/2-1/2

[Event "SVK ECo-C Extraliga 2021-22"]
[Site "Slovakia"]
[Date "2022.06.10"]
[Round "9.23"]
[White "Teglas, Balazs"]
[Black "Borosova, Zuzana"]
[Result "1/2-1/2"]
[ECO "D01"]
[WhiteElo "2150"]
[BlackElo "2265"]
[Annotator "TA"]
[PlyCount "41"]
[EventDate "2021.10.21"]
[EventType "team-tourn"]
[EventCountry "SVK"]
[SourceTitle "playchess.com"]
[Source "ChessBase"]
[SourceQuality "1"]
[TimeControl "40/5400+30:1800+30"]

1. d4 d5 2. Nc3 Nf6 3. Bg5 Nbd7 4. Nf3 h6 5. Bh4 e6 6. e3 Be7 {[%emt 0:00:14] D01: Veresov Opening.} 7. Be2 c5 8. Ne5 Nxe5 9. dxe5 Nd7 10. Bxe7 Qxe7 11. f4 a6 12. a4 {[%emt 0:29:51] Inhibits b5.} b6 13. Bf3 Bb7 14. O-O O-O {[%emt 0:25:15] [#]} 15. Qe1 $146 ({Predecessor:} 15. e4 d4 16. Ne2 Rfd8 17. Qe1 Nf8 18. Rd1 Ng6 19. g3 Rd7 20. Qf2 Rad8 21. Rd3 {1-0 (50) Pogromsky,M (2415)-Sakaev,K (2584) Sochi 2018}) 15... Rad8 16. Qg3 f5 {[%emt 0:17:59] The position is equal.} 17. exf6 Nxf6 18. Rae1 Qd7 19. Rd1 b5 20. axb5 axb5 21. Qg6 {[%emt 0:09:40] Not much happened in this game.  Weighted Error Value: White=0.06 (flawless) /Black=0.07 (flawless)} 1/2-1/2

[Event "SVK ECo-C Extraliga 2021-22"]
[Site "Slovakia"]
[Date "2022.06.10"]
[Round "9.24"]
[White "Szucs, Vladimir"]
[Black "Bojtos, Patrik"]
[Result "1-0"]
[ECO "D26"]
[WhiteElo "2082"]
[BlackElo "1986"]
[Annotator "TA"]
[PlyCount "113"]
[EventDate "2021.10.21"]
[EventType "team-tourn"]
[EventCountry "SVK"]
[SourceTitle "playchess.com"]
[Source "ChessBase"]
[SourceQuality "1"]
[TimeControl "40/5400+30:1800+30"]

1. d4 d5 2. c4 dxc4 3. Nf3 Nf6 4. e3 e6 5. Bxc4 Be7 6. O-O {[%emt 0:00:30] D26: Queen's Gambit Accepted: 4 e3 e6 5 Bxc5 c5 sidelines.} b6 7. Qa4+ c6 {[%emt 0:08:06] [#] And now ...b5 would win.} 8. Be2 $146 {[%emt 0:02:35] White is slightly better.} ({Predecessor:} 8. Qb3 Bb7 9. Nc3 Qc7 10. Bd2 Nbd7 11. Rac1 a6 12. e4 b5 13. Be2 b4 14. Na4 {1-0 (22) Potocki,K (1851)-Czuraj,G Warsaw 2009}) 8... O-O 9. Rd1 Qc7 10. Nc3 Nbd7 11. Bd2 b5 12. Qc2 {[%emt 0:08:35][%cal Oc3b5] Strongly threatening Nxb5!} a6 13. Rac1 (13. b4 $5) 13... Qb6 14. e4 {[%emt 0:05:34] White is more active.} c5 15. d5 (15. e5 $16 Ng4 16. Ne4 cxd4 17. Bg5 (17. Neg5 d3 $11) 17... Bxg5 18. Nexg5) 15... e5 (15... Bb7 $11) 16. h3 (16. b3 $16) 16... c4 $14 17. Be3 $36 {[%emt 0:01:22][%mdl 2048] Black is under pressure.} Bc5 18. Bxc5 Qxc5 19. b3 cxb3 20. Qxb3 {[%emt 0:00:14][%cal Rc3b5] Black must now prevent Nxb5!} Qd6 21. a3 Nc5 22. Qb4 a5 $2 (22... Nfd7 $16 {might work better.}) 23. Nxb5 $18 axb4 24. Nxd6 Ncxe4 25. Nxe4 ({And not} 25. Nxc8 Rfxc8 26. Rxc8+ (26. axb4 Nc3 $11) 26... Rxc8 27. axb4 Nc3 $11) 25... Nxe4 26. axb4 {[%emt 0:01:10] aiming for d6.} Rb8 $2 (26... Nd6 27. Nxe5 Re8) 27. Nxe5 Rxb4 28. Nc6 Rb2 29. Ne7+ Kh8 30. Rxc8 Rxc8 31. Nxc8 Nc3 {[%emt 0:01:34] [#]} 32. Re1 Rxe2 33. Rxe2 Nxe2+ {[%emt 0:00:03][%mdl 4096] Endgame KN-KN} 34. Kf1 Nd4 35. Ne7 g6 36. Nc6 Nb5 37. Ke1 Kg8 38. Kd2 Kf8 39. Kd3 Ke8 40. Kc4 Nd6+ 41. Kd4 f6 42. g4 {[%emt 0:00:00] Against Nf5+} (42. Na5 $18 {and White stays clearly on top.}) 42... Kd7 $16 43. f3 Kc7 $2 (43... h5 $16 {is more resistant.}) 44. Ne7 $18 Nf7 45. f4 {[%emt 0:00:00] Inhibits Ng5.} g5 46. Ke4 Nd6+ 47. Kf3 Kb6 {[%emt 0:00:00] [#]} 48. Ng8 $1 Ne8 49. fxg5 fxg5 50. Ke4 {[%emt 0:00:00] Threatening mate with Ke5.} Kc5 51. Ke5 {[%emt 0:00:00] White wants to mate with Nf6.} Nd6 52. Nf6 {[%emt 0:00:00] Intending Nd7+ and mate.} Nc4+ 53. Ke6 {[%emt 0:00:00] White mates.} h6 54. Ng8 Ne3 55. d6 Kc6 56. Ne7+ Kb7 57. d7 {[%emt 0:00:00] Weighted Error Value: White=0.13 (very precise) /Black=0.56} 1-0

[Event "SVK ECo-C Extraliga 2021-22"]
[Site "Slovakia"]
[Date "2022.06.11"]
[Round "10"]
[White "Saric, Ivan"]
[Black "Vykouk, Jan"]
[Result "1/2-1/2"]
[ECO "B54"]
[WhiteElo "2693"]
[BlackElo "2464"]
[Annotator "TA"]
[PlyCount "119"]
[EventDate "2021.10.21"]
[EventType "team-tourn"]
[EventCountry "SVK"]
[SourceTitle "playchess.com"]
[Source "ChessBase"]
[SourceQuality "1"]
[TimeControl "40/5400+30:1800+30"]

1. e4 c5 2. Nf3 d6 3. Bb5+ Bd7 4. c4 Nc6 5. d4 cxd4 6. Nxd4 Nf6 {[%emt 0:00:17] B54: Sicilian: 2...d6 3 d4 cxd4 4 Nxd4, Unusual Lines .} 7. Nc3 a6 8. Nxc6 bxc6 {[%emt 0:01:06] White has an edge.} 9. Ba4 {[%emt 0:00:04] [#]} g6 $146 ({Predecessor:} 9... Qa5 10. O-O e5 11. a3 Be7 12. b4 Qc7 13. h3 O-O 14. Be3 Be6 15. Qe2 a5 {0-1 (43) Hidalgo Santana,F (2140)-Hernandez Leon,A (2276) Vecindario 2019}) 10. O-O Bg7 11. c5 dxc5 12. Be3 Ng4 13. Bxc5 Qa5 $1 {[%emt 0:11:02][%csl LRc3,LRc5] [#]} 14. Nd5 $1 Qxc5 15. Nc7+ Kd8 16. Nxa8 Bd4 $1 17. Qd2 (17. h3 Nxf2 18. Rxf2 Bxf2+ 19. Kh1 e5 $15) 17... Qe5 (17... Kc8 $1 $11) 18. g3 $1 $16 {[%emt 0:04:29] aiming for Rfd1.} (18. Rfd1 $2 Qxh2+ 19. Kf1 e5 $19) 18... Qh5 19. h4 Qe5 {[%emt 0:00:04][%csl LRb2,LRe4,LRg3] ( -> ...Qxg3+)} 20. Qf4 ({White should play} 20. Kh1 $16 {Rad1 is the strong threat.} Nf6 21. Rad1) 20... Kc8 (20... Qxf4 $11 {remains equal.} 21. gxf4 e5) 21. Rad1 {[%emt 0:02:03][%cal Od1d4] And now Rxd4! would win.} Qxf4 22. gxf4 {[%emt 0:00:04] The board is on fire.} Ba7 23. Rd2 $1 Nf6 {[%emt 0:05:23] [#]} 24. Rc1 $1 Kb8 {[%emt 0:07:42] [#]} 25. e5 $1 ({But not} 25. Bxc6 $6 Rc8 26. Rdc2 (26. Rxd7 Nxd7 27. Rc4 Bc5 $17) 26... Bxc6 27. Rxc6 Rxc6 28. Rxc6 Kxa8 $11) 25... Nd5 {[%emt 0:00:06] [#] White must now prevent ...Rc8.} 26. Nc7 $1 Kxc7 27. Rxd5 Rb8 28. Rxd7+ Kxd7 29. Rxc6 {[%emt 0:00:03][%mdl 4096] Endgame KRB-KRB} Kd8 30. Rxa6 Bd4 31. b3 Bb6 32. Bc6 Kc7 33. Ra8 Rxa8 34. Bxa8 {[%emt 0:00:04] KB-KB} Bd4 35. Kg2 Kb6 36. Bd5 f6 37. exf6 exf6 38. Bg8 h6 39. Bf7 g5 40. fxg5 fxg5 41. h5 Kc5 42. f3 Bc3 43. Kf2 Kd4 44. Ke2 Bb4 45. Bg8 Ba5 46. a3 Bc3 47. b4 Bb2 48. a4 {[%emt 0:00:00] Hoping for a5.} Bc3 49. a5 ({White should try} 49. b5 $16) 49... Bxb4 $14 50. a6 {[%emt 0:00:00] Intending a7 and mate.} Bc5 51. Kd2 Ba7 52. Be6 Ke5 53. Bc8 Kd4 54. Kc2 Kc4 55. Bh3 Kd4 56. Kb3 Ke5 57. Kc4 Kd6 58. Bg4 Ke5 59. Bc8 Kd6 60. Kd3 {[%emt 0:00:00] Black escapes into a draw.  Weighted Error Value: White=0.09 (flawless) /Black=0.08 (flawless)} 1/2-1/2